 Dungeon Crawl Stone Soup version 0.32-a0-893-gf85d74f360 (webtiles) character file.

Game seed: 3396377328257584015

477 innerfire43 the Ducker (level 6, -11/49 HPs)
             Began as a Demonspawn Wanderer on Apr 3, 2024.
             Mangled by a shadow (29 damage)
             ... on level 5 of the Dungeon.
             The game lasted 00:06:22 (3327 turns).

innerfire43 the Ducker (Demonspawn Wanderer)        Turns: 3327, Time: 00:06:22

Health: -11/49     AC:  6    Str: 13    XL:     6   Next: 85%
Magic:  6/6        EV: 13    Int:  8    God:
Gold:   161        SH:  0    Dex: 24    Spells: 5/5 levels left

rFire   . . .        u - +1 sling (freeze)
rCold   . . .        (no shield)
rNeg    . . .        d - +0 ring mail
rPois   .            (no helmet)
rElec   .            y - scarf {repulsion}
rCorr   .            (no gloves)
SInv    .            k - +0 pair of boots
Will    .....        (no amulet)
Stlth   +            i - ring of flight
HPRegen 0.28/turn    v - +6 ring of dexterity
MPRegen 0.10/turn

%: repel missiles
@: flying
A: hooves 1, demonic guardian 1
a: no special abilities


You were on level 5 of the Dungeon.
You visited 1 branch of the dungeon, and saw 5 of its levels.

You collected 249 gold pieces.
You spent 88 gold pieces at shops.

Inventory:

Hand Weapons
 a - a +1 short sword
 u - a +1 sling of freezing (weapon)
Missiles
 b - 4 throwing nets
Armour
 c - a +0 leather armour
 d - a +0 ring mail (worn)
 e - a +0 cloak
 j - a +0 chain mail
 k - a +0 pair of boots (worn)
 o - a +0 plate armour
 y - a scarf of repulsion (worn)
Jewellery
 i - a ring of flight (left hand)
 l - a ring of positive energy
 r - a ring of ice
 v - a +6 ring of dexterity (right hand)
Scrolls
 f - 2 scrolls of teleportation {unknown}
 g - 3 scrolls of noise {unknown}
 h - 2 scrolls of enchant weapon {unknown}
 m - 3 scrolls of identify
 t - a scroll of fog {unknown}
 w - a scroll of amnesia {unknown}
 z - a scroll of summoning {unknown}
Potions
 n - a potion of cancellation
 p - 3 potions of curing
 q - a potion of heal wounds
 s - a potion of brilliance {unknown}
 x - a potion of enlightenment {unknown}
 A - a potion of might {unknown}
 B - a potion of haste {unknown}
 C - a potion of attraction {unknown}


   Skills:
 + Level 4.6 Fighting
 - Level 2.3 Short Blades
 * Level 3.8 Ranged Weapons
 - Level 1.0 Throwing
 + Level 5.6 Dodging


You had 5 spell levels left.
You didn't know any spells.
Your spell library contained the following spells:

 Spells                   Type           Power      Damage    Failure   Level
 Apportation              Tloc           0%         N/A       67%         1
 Shock                    Conj/Air       0%         1d3       67%         1
 Jinxbite                 Hex            0%         N/A       82%         2
 Frozen Ramparts          Ice            0%         1d1       96%         3
 Ozocubu's Armour         Ice            0%         N/A       96%         3
 Swiftness                Air            0%         N/A       96%         3
 Airstrike                Air            0%         2d(0-16)  100%        4
 Alistair's Intoxication  Alch           0%         N/A       100%        5
 Metabolic Englaciation   Hex/Ice        0%         N/A       100%        5


Dungeon Overview and Level Annotations

Branches:
Dungeon (5/15)
 Temple: D:4-7

Altars:

Shops:
D:2 !

Annotations:
D:4 1 runed translucent door
D:5 2 transporters, soul19's ghost, amateur DsSh


Innate Abilities, Weirdness & Mutations

You have large cloven feet.
A weak demonic guardian rushes to your aid.


Message History

You are too injured to fight recklessly!
You are too injured to fight recklessly!
You are too injured to fight recklessly!
Fire: u) +1 sling (freeze)
Press: ? - help, Q - select action, (/) - cycle Shift-Dir - straight line, f/p - shadow
Aim: a shadow (lightly damaged, 66% to hit)
You shoot a sling bullet.
The sling bullet barely misses the shadow.
The shadow hits you!
Unknown command.
Fire: u) +1 sling (freeze)
Press: ? - help, Q - select action, (/) - cycle Shift-Dir - straight line, f/p - shadow
Aim: a shadow (lightly damaged, 66% to hit)
You shoot a sling bullet.
The sling bullet hits the shadow but does no damage.
The shadow is lightly damaged.
The shadow hits you. The shadow misses you.
Fire: u) +1 sling (freeze)
Press: ? - help, Q - select action, (/) - cycle Shift-Dir - straight line, f/p - shadow
Aim: a shadow (lightly damaged, 66% to hit)
You shoot a sling bullet.
The sling bullet closely misses the shadow.
The shadow hits you.
Fire: u) +1 sling (freeze)
Press: ? - help, Q - select action, (/) - cycle Shift-Dir - straight line, f/p - shadow
Aim: a shadow (lightly damaged, 66% to hit)
You shoot a sling bullet. The sling bullet hits the shadow.
The shadow is moderately damaged.
The shadow hits you.
Fire: u) +1 sling (freeze)
Press: ? - help, Q - select action, (/) - cycle Shift-Dir - straight line, f/p - shadow
Aim: a shadow (moderately damaged, 66% to hit)
You shoot a sling bullet. The sling bullet hits the shadow.
The shadow is moderately damaged.
The shadow slips into darkness.
The shadow flickers and vanishes!
Deactivating autopickup; reactivate with Ctrl-A.
The shadow strikes at you from the darkness!
Ouch! That really hurt!
You die...

##### ....## ..... #.#####.#.#
#.# ........# #.# #.....# #.#
#{@.# #.# ##.## #.# #.# #.# #.#
#.# #.# ###.#### #.# ##'##
#....... #.# ##...## #.#...#.
#.#### ##.....## #.###.#. #.##.##
##.......## ##.###.#.
###.#...####.........####...##.#.


There were no monsters in sight!

Vanquished Creatures
  A black bear (D:5)
  A hound (D:5)
  2 iguanas
  7 adders
  A ribbon worm (D:3)
  2 dart slugs (D:1)
  An orc (D:4)
  6 ball pythons
  4 endoplasms
  5 giant cockroaches
  2 goblins
  5 hobgoblins
  A quokka (D:4)
  2 bats
  3 frilled lizards
  3 kobolds
  4 rats
50 creatures vanquished.

Vanquished Creatures (collateral kills)
  The ghost of snarfax the Chopper, an amateur OpBe of Trog (D:4)
  A ribbon worm (D:4)
  A hobgoblin (D:2)
3 creatures vanquished.

Grand Total: 53 creatures vanquished

Notes
Turn   | Place    | Note
-------+----------+-------------------------------------------
     0 | D:1      | innerfire43 the Demonspawn Wanderer began the quest for the
                  | Orb.
     0 | D:1      | innerfire43 set off with the following items: a +1 short
                  | sword, 3 throwing nets, a +0 leather armour, a potion of
                  | curing.
     0 | D:1      | Reached XP level 1. HP: 18/18 MP: 1/1
    92 | D:1      | Gained mutation: A weak demonic guardian rushes to your
                  | aid. [demonic ancestry]
    92 | D:1      | Reached XP level 2. HP: 19/24 MP: 2/2
   177 | D:1      | Found a faded altar of an unknown god.
   729 | D:2      | Reached XP level 3. HP: 14/29 MP: 3/3
   977 | D:2      | Found Yroe's Distillery.
   985 | D:2      | Bought a potion of curing for 33 gold pieces
   985 | D:2      | Bought a potion of heal wounds for 55 gold pieces
  1997 | D:4      | Found a runed translucent door.
  2010 | D:4      | Reached skill level 1 in Ranged Weapons
  2010 | D:4      | Reached XP level 4. HP: 35/35 MP: 4/4
  2024 | D:4      | Noticed snarfax's ghost (amateur OpBe)
  2067 | D:4      | Found a runed translucent door.
  2225 | D:4      | Reached skill level 5 in Dodging
  2596 | D:4      | Killed snarfax's ghost
  2597 | D:4      | Gained mutation: You have large cloven feet. [demonic
                  | ancestry]
  2597 | D:4      | Reached XP level 5. HP: 15/42 MP: 5/5
  2597 | D:4      | Reached XP level 6. HP: 17/48 MP: 6/6
  2764 | D:5      | Entered Level 5 of the Dungeon
  3108 | D:5      | Noticed soul19's ghost (amateur DsSh)
  3109 | D:5      | Found a transporter.
  3171 | D:5      | Found a transporter.
  3311 | D:5      | Noticed a shadow
  3327 | D:5      | Mangled by a shadow

Illustrated notes

Levels and vault maps discovered:
D:1:      lightli_molten_gateway, layout_basic, chequers_ecumenical_altar_grove
D:2:      layout_rooms, serial_shops, shop, hangedman_decor_riveting
D:3:      layout_basic
D:4:      layout_loops_ring, ebering_ghost_sewer_f
D:5:      layout_loops_corners, gammafunk_ghost_mausoleum, minmay_fountain_box

Skill      XL: |  1  2  3  4 |
---------------+-------------+-----
Short Blades   | 2 |  2.3
Ranged Weapons | 1 3 |  3.8
Dodging        | 5 |  5.6
Fighting       | 4 |  4.6
Throwing       | |  1.0

Action                     |  1- 3 |  4- 6 || total
---------------------------+-------+-------++-------
  Melee: Short sword       |    90 |       ||    90
   Fire: Sling             |    32 |    71 ||   103
    Use: Potion            |     1 |       ||     1
         Scroll            |     1 |       ||     1
   Stab: Sleeping          |     1 |       ||     1
 Armour: Leather armour    |    25 |       ||    25
         Ring mail         |    36 |    30 ||    66
  Dodge: Dodged            |    63 |    18 ||    81
         Repelled          |       |     1 ||     1

Table legend: (Time is in decaauts)
 A = Elapsed time spent in this place.
 B = Non-inter-level travel time spent in this place.
 C = Inter-level travel time spent in this place.
 D = Time resting spent in this place.
 E = Time spent auto-exploring this place.
 F = Levels seen in this place.
 G = Mean time per level.
                   A        B        C        D        E       F      G
               +--------+--------+--------+--------+--------+-----+--------+
         Total |   3361 |   3229 |    132 |      0 |   2639 |   5 |  672.2 |
       Dungeon |   3361 |   3229 |    132 |      0 |   2639 |   5 |  672.2 |
               +--------+--------+--------+--------+--------+-----+--------+

Top non-repeatable levels by time:
     D:4: 791 daAuts
     D:1: 711 daAuts
     D:3: 660 daAuts
     D:2: 625 daAuts
     D:5: 572 daAuts
